 Dungeon Crawl Stone Soup version 0.28-a0-802-g09f76e8c00 (webtiles) character file.

Game seed: 916001078059047625

649 croobank the Stinger (level 7, 0/45 HPs)
             Began as an Octopode Venom Mage on Nov 7, 2021.
             Was a Follower of Sif Muna.
             Slain by an orc warrior (20 damage)
             ... on level 5 of the Dungeon.
             The game lasted 00:23:42 (4957 turns).

croobank the Stinger (Octopode Venom Mage)          Turns: 4957, Time: 00:23:42

Health: 0/45       AC:  1    Str:  9    XL:     7   Next: 53%
Magic:  9/12       EV: 13    Int: 18    God:    Sif Muna [*.....]
Gold:   196        SH:  0    Dex: 12    Spells: 2/13 levels left

rFire   + . .      SeeInvis .   v - +11 trident of Patience {flame, rF+ Will+}
rCold   . . .      Faith    .   (no shield)
rNeg    . . .      Spirit   .   (helmet restricted)
rPois   +          Reflect  .   (no amulet)
rElec   .          Harm     .   m - ring of poison resistance
rCorr   .          Rampage  .   (no ring)
Will    +....                   (no ring)
Stlth   +++.......              (no ring)
HPRegen 0.15/turn               (no ring)
MPRegen 0.13/turn               (no ring)
                                (no ring)
                                (no ring)

@: no status effects
A: almost no armour, amphibious, 8 rings, camouflage 1, gelatinous body 1,
(nimble swimmer 1), tentacles
a: Renounce Religion, Channel Magic


You were on level 5 of the Dungeon.
You worshipped Sif Muna.
Sif Muna was aware of your devotion.
You visited 1 branch of the dungeon, and saw 5 of its levels.

You collected 196 gold pieces.

Inventory:

Hand Weapons
 b - a +0 vorpal flail
 c - a +0 hand axe
 d - a +0 short sword
 f - a +2 long sword of holy wrath
 l - a +2 vorpal mace
 v - the +11 trident of Patience (weapon) {flame, rF+ Will+}
   (You found it on level 4 of the Dungeon)

   It burns those it strikes, dealing additional fire damage.
   rF:        It protects you from fire.
   Will:      It increases your willpower.
Missiles
 h - 55 bolts
 n - 8 poisoned darts
 p - 131 stones
 s - 15 arrows
Armour
 k - a +0 tower shield
Jewellery
 m - a ring of poison resistance (left tentacle)
Scrolls
 o - a scroll of enchant armour {unknown}
 t - a scroll of teleportation {unknown}
 u - a scroll of immolation {unknown}
 w - a scroll of enchant weapon {unknown}
Potions
 a - a potion of might
 e - 2 potions of magic
 g - 3 potions of curing {unknown}
 i - a potion of berserk rage {unknown}
 j - a potion of brilliance {unknown}
 q - a potion of flight {unknown}
 r - a potion of degeneration {unknown}


   Skills:
 + Level 2.0 Fighting
 + Level 2.4 Long Blades
 + Level 0.2(1.3) Axes
 + Level 2.1 Polearms
 + Level 2.5 Dodging
 + Level 4.1 Stealth
 + Level 3.6 Spellcasting
 + Level 2.9 Transmutations
 + Level 0.1 Fire Magic
 + Level 5.8 Poison Magic


You had 2 spell levels left.
You knew the following spells:

 Your Spells              Type           Power      Damage    Failure   Level
a - Sting                 Tmut/Pois      76%        1d6       2%          1
b - Poisonous Vapours     Pois/Air       26%        N/A       7%          2
c - Scorch                Fire           6%         2d5       22%         2
d - Ensorcelled Hibernat  Hex/Ice        6%         N/A       24%         2
e - Olgreb's Toxic Radia  Pois           24%        N/A       14%         4

Your spell library contained the following spells:

 Spells                   Type           Power      Damage    Failure   Level
 Mephitic Cloud           Conj/Pois/Air  10%        N/A       21%         3
 Tukima's Dance           Hex            3%         N/A       43%         3
 Flame Wave               Conj/Fire      3%         3d3       83%         4
 Summon Cactus Giant      Summ           1%         N/A       100%        6


Dungeon Overview and Level Annotations

Branches:
Dungeon (5/15)
 Temple: D:4-7

Altars:
Kikubaaqudgha
Sif Muna

Shops:
D:1 (


Innate Abilities, Weirdness & Mutations

You cannot wear most types of armour.
You are amphibious.
You can wear up to eight rings at the same time.
Your skin changes colour to match your surroundings (Stealth+).
Your rubbery body absorbs attacks. (AC +1, EV +1)
((You are camouflaged near water. (Stealth+)))
You have tentacles for arms and can constrict up to eight enemies at once.


Message History

The orc priest casts a cantrip, but nothing happens.
You hit the iguana. You burn the iguana. You grab the iguana.
You squeeze the iguana.
The iguana is severely wounded.
You constrict the iguana. The iguana misses you.
An orc comes into view. It is wielding a +0 short sword.
You puncture the iguana! You burn the iguana.
You kill the iguana!
Sif Muna accepts your kill.
An orc warrior comes into view. It is wielding a +0 battleaxe.
Aiming: Sting (safe; 2% risk of failure)
Press: ? - help, Q - select action, (/) - cycle Shift-Dir - straight line, f - orc priest
Aim: an orc priest, wielding a +0 short sword (74% to hit)
The sting hits the orc priest.
The orc priest is poisoned.
The orc priest is moderately wounded.
Aiming: Sting (safe; 2% risk of failure)
Press: ? - help, Q - select action, (/) - cycle Shift-Dir - straight line, f/p - orc priest
Aim: an orc priest, wielding a +0 short sword (moderately wounded, poisoned, 74% to hit)
The sting misses the orc warrior.
The sting hits the orc priest.
The orc priest looks even sicker.
The orc priest is moderately wounded.
Aiming: Sting (safe; 2% risk of failure)
Press: ? - help, Q - select action, (/) - cycle Shift-Dir - straight line, f/p - orc priest
Aim: an orc priest, wielding a +0 short sword (heavily wounded, very poisoned, 74% to hit)
The sting hits the orc warrior.
The orc warrior is poisoned.
The orc warrior is lightly wounded.
You hit the orc warrior. You burn the orc warrior. You grab the orc warrior.
The orc warrior is moderately wounded.
The sentinel's mark upon you fades away.
You constrict the orc warrior. The orc warrior closely misses you.
You release your grip on the orc warrior.
An orc priest comes into view. It is wielding a +0 mace.
The orc priest calls down the wrath of Beogh upon you.
Beogh smites you!
You hit the orc warrior but do no damage.
You grab the orc warrior.
The orc warrior is heavily wounded.
You constrict the orc warrior, but do no damage.
The orc warrior hits you with a +0 battleaxe!!
You die...

..# #.. ..# #......# #.. ..# #.#
#.# #......# #.. ..####### #.#
#.# #......# ##.. ........# #.#
#.# #.>....###... ........# #.#
#.#######.....)..##
........###.###.##......##.#####
........##......†..###.>##.##
.###.#.....÷###..### #.###..#
.###...###.## ##@# #.# ##.#
.#...##...[# #o# #.# #.###
...#.##.#### #oo# #.# #...#
..##.##.# #####.####.######.#
..##.##.## ##....o.#.....## #.#
.........###..............###.#
.###.##..##................##.##
.# #.##...#................##..#
.##.....#..................###.#


You could see an orc warrior (poisoned), 2 orc priests and an orc.

Vanquished Creatures
  A steam dragon (D:5)
  An ogre (D:4)
  2 scorpions
  A hound (D:4)
  A jelly (D:5)
  Jessica (D:3)
  A bullfrog skeleton (D:5)
  A gnoll shaman (D:5)
  2 iguanas
  A killer bee zombie (D:5)
  Robin (D:4)
  3 gnolls (D:5)
  3 adders
  2 orcs
  4 endoplasms
  3 giant cockroaches
  7 hobgoblins
  3 jackals (D:3)
  5 quokkas
  A ball python (D:3)
  2 bats (D:1)
  A frilled lizard (D:2)
  9 goblins
  4 kobolds
  2 rats (D:3)
62 creatures vanquished.

Notes
Turn   | Place    | Note
-------+----------+-------------------------------------------
     0 | D:1      | croobank the Octopode Venom Mage began the quest for the
                  | Orb.
     0 | D:1      | Reached XP level 1. HP: 11/11 MP: 3/3
   495 | D:1      | Reached skill level 4 in Poison Magic
   590 | D:1      | Found Qanosikk's Weapon Shoppe.
   826 | D:1      | Found a faded altar of an unknown god.
   834 | D:1      | Reached XP level 2. HP: 17/17 MP: 5/5
  1882 | D:2      | Learned a level 2 spell: Poisonous Vapours
  1963 | D:2      | Learned a level 2 spell: Scorch
  1966 | D:2      | Reached XP level 3. HP: 17/21 MP: 4/6
  2346 | D:3      | Found a shimmering blue altar of Sif Muna.
  2358 | D:3      | Became a worshipper of Sif Muna the Loreminder
  2447 | D:3      | Noticed Jessica
  2454 | D:3      | Killed Jessica
  2455 | D:3      | Reached skill level 1 in Long Blades
  2761 | D:3      | Reached XP level 4. HP: 19/27 MP: 4/7
  3081 | D:3      | Learned a level 2 spell: Ensorcelled Hibernation
  3198 | D:3      | Noticed a scorpion
  3202 | D:3      | Killed a scorpion
  3203 | D:3      | Reached XP level 5. HP: 32/32 MP: 5/8
  3455 | D:4      | Found an ancient bone altar of Kikubaaqudgha.
  3685 | D:4      | Identified the +11 trident of Patience {flame, rF+ Will+}
  3743 | D:4      | Noticed an ogre
  3747 | D:4      | Killed an ogre
  3748 | D:4      | Reached skill level 1 in Fighting
  3811 | D:4      | Reached skill level 5 in Poison Magic
  3811 | D:4      | Reached XP level 6. HP: 38/38 MP: 7/10
  3956 | D:4      | Learned a level 4 spell: Olgreb's Toxic Radiance
  3957 | D:4      | Noticed Robin
  3963 | D:4      | Killed Robin
  3963 | D:4      | Reached * piety under Sif Muna
  4343 | D:5      | Entered Level 5 of the Dungeon
  4343 | D:5      | Noticed a steam dragon
  4355 | D:5      | Killed a steam dragon
  4356 | D:5      | Reached skill level 1 in Polearms
  4356 | D:5      | Reached XP level 7. HP: 23/44 MP: 2/11
  4957 | D:5      | Slain by an orc warrior

Illustrated notes

Levels and vault maps discovered:
D:1:      saegor_arrival_under_anarchy, layout_basic,
          chequers_ecumenical_altar_simple_redux, serial_shops, shop,
          corexii_item_surrounded_by_moat, hangedman_decor_points,
          chequers_serial_rivers_room_a
D:2:      layout_basic, serial_corexii_hall, chequers_hall_statues_y,
          corexii_hall_statues_x
D:3:      layout_basic, nicolae_sif_muna_condensation, uniq_jessica
D:4:      layout_basic, old_standard_altar, uniq_robin
D:5:      layout_rooms, dk_yredelemnul_ordeal, serial_shops,
          kennysheep_mini_moat, minmay_misc_feat_more_columns

Skill      XL: |  1  2  3  4  5  6  7 |
---------------+----------------------+-----
Poison Magic   | 4 5 |  5.8
Stealth        | 3 4 |  4.1
Long Blades    | 1 2 |  2.4
Fighting       | 1 2 |  2.0
Transmutations | 2 |  2.9
Spellcasting   | 3 |  3.6
Polearms       | 1 2 |  2.1
Axes           | |  0.2
Dodging        | |  2.5
Fire Magic     | |  0.1

Action                   |  1- 3 |  4- 6 |  7- 9 || total
-------------------------+-------+-------+-------++-------
Melee: Unarmed           |     8 |       |       ||     8
       Hand axe          |     4 |       |       ||     4
       Long sword        |    23 |    27 |       ||    50
       Constrict         |     6 |     8 |     4 ||    18
       Tentacles         |     4 |     2 |     2 ||     8
       Trident           |       |    13 |    12 ||    25
 Cast: Sting             |    24 |    24 |    15 ||    63
       Olgreb's Toxic Ra |       |     3 |       ||     3
       Scorch            |       |     1 |       ||     1
  Use: Scroll            |     4 |       |       ||     4
       Potion            |       |     1 |       ||     1
Armor: Skin              |     6 |     1 |       ||     7
Dodge: Dodged            |    21 |    25 |     5 ||    51

Table legend: (Time is in decaauts)
 A = Elapsed time spent in this place.
 B = Non-inter-level travel time spent in this place.
 C = Inter-level travel time spent in this place.
 D = Time resting spent in this place.
 E = Time spent auto-exploring this place.
 F = Levels seen in this place.
 G = Mean time per level.
                   A        B        C        D        E       F      G
               +--------+--------+--------+--------+--------+-----+--------+
         Total |   4978 |   4876 |    102 |    545 |   3605 |   5 |  995.6 |
       Dungeon |   4978 |   4876 |    102 |    545 |   3605 |   5 |  995.6 |
               +--------+--------+--------+--------+--------+-----+--------+

Top non-repeatable levels by time:
     D:1: 1364 daAuts
     D:3: 1109 daAuts
     D:2: 961 daAuts
     D:4: 926 daAuts
     D:5: 617 daAuts
